 Dungeon Crawl Stone Soup version 0.29.1-12-g30fa7ad0bf (webtiles) character file.

Game seed: 7170322751813779601

65 croobank the Conjurer (level 3, 0/22 HPs)
             Began as a Demonspawn Conjurer on Dec 28, 2022.
             Was a Follower of Uskayaw.
             Slain by an orc
             ... wielding a +0 club
              (2 damage)
             ... on level 2 of the Dungeon.
             The game lasted 00:06:25 (2501 turns).

croobank the Conjurer (Demonspawn Conjurer)         Turns: 2501, Time: 00:06:26

Health: 0/22       AC:  2    Str:  5 (7)  XL:     3   Next: 92%
Magic:  0/6        EV: 12    Int: 20 (21) God:    Uskayaw [*.....]
Gold:   100        SH:  0    Dex:  8 (11) Spells: 0/6 levels left

rFire   + . .      SeeInvis .   b - +2 dagger (venom)
rCold   . . .      Faith    .   (no shield)
rNeg    . . .      Spirit   .   a - +0 robe
rPois   .          Reflect  .   (no helmet)
rElec   .          Harm     .   (no cloak)
rCorr   .          Rampage  .   (no gloves)
Will    +....                   (no boots)
Stlth   ++........              (no amulet)
HPRegen 0.07/turn               i - ring of protection from fire
MPRegen 0.10/turn               f - ring of wizardry

@: no status effects
A: demonic magic 2, frail 1, strong-willed 1, evolution 1, inability to drink
after injury 1
a: Renounce Religion, Stomp


You were on level 2 of the Dungeon.
You worshipped Uskayaw.
Uskayaw was noncommittal.
You visited 1 branch of the dungeon, and saw 3 of its levels.

You collected 100 gold pieces.

Inventory:

Hand Weapons
 b - a +2 dagger of venom (weapon)
 e - a +0 hand axe
 l - a +0 short sword
Missiles
 u - 3 poisoned darts
Armour
 a - a +0 robe (worn)
 d - a +0 ring mail
Jewellery
 f - a ring of wizardry (right hand)
 i - a ring of protection from fire (left hand)
Scrolls
 g - a scroll of fear {unknown}
 j - a scroll of blinking {unknown}
 m - 3 scrolls of identify
 o - a scroll of poison {unknown}
 p - 2 scrolls of noise {unknown}
 r - a scroll of immolation {unknown}
Potions
 n - a potion of degeneration
 q - a potion of lignification {unknown}
 s - a potion of invisibility {unknown}
 t - a potion of flight {unknown}


   Skills:
 + Level 0.9 Fighting
 + Level 2.3 Dodging
 + Level 2.3 Stealth
 + Level 2.3 Spellcasting
 + Level 4.3 Conjurations
 + Level 1.6 Invocations


You couldn't memorise any spells.
You knew the following spells:

 Your Spells              Type           Power      Damage    Failure   Level
a - Magic Dart            Conj           76%        1d6       1%          1
b - Searing Ray           Conj           38%        2d5       1%          2
c - Dazzling Flash        Conj/Hex       22%        N/A       8%          3

Your spell library contained the following spells:

 Spells                   Type           Power      Damage    Failure   Level
 Fulminant Prism          Conj/Hex       5%         3d7       24%         4
 Iskenderun's Mystic Bla  Conj/Tloc      11%        2d4       24%         4


Dungeon Overview and Level Annotations

Branches:
Dungeon (3/15)

Altars:
Uskayaw
Yredelemnul


Innate Abilities, Weirdness & Mutations

Spells you cast may paralyse nearby enemies.
You are frail. (-10% HP)
You are strong-willed. (Will+)
You have hidden genetic potential.
You occasionally lose the ability to drink potions when taking damage.


Message History

You barely miss something. You completely miss the orc.
You closely miss the orc. The orc closely misses you.
An orc priest comes into view. It is wielding a +0 club.
The orc hits you with a +0 club.
You closely miss the orc.
You hear a shout!
The orc closely misses you.
The orc hits you from afar with a +0 trident.
The orc priest shouts!
The orc hits you from afar with a +0 trident.
* * * LOW HITPOINT WARNING * * *
The orc priest looks encouraged for a moment.
The orc hits you with a +0 club.
* * * LOW HITPOINT WARNING * * *
You climb upwards.
Reactivating autopickup.
There is a stone staircase leading down here.
Okay, then.
Casting: Dazzling Flash (quite dangerous; 7% risk of failure)
Confirm with . or Enter, or press ? or * to list all spells.
Aiming: Magic Dart (safe; 1% risk of failure)
Press: ? - help, Shift-Dir - straight line, f - orc
Aim: an orc, wielding a +0 club (100% to hit)
The magic dart hits the orc.
The orc is moderately wounded.
Malevolent energies surge around you. The orc hits you but does no damage.
Okay, then.
Okay, then.
It was a potion of degeneration.
There was something very wrong with that liquid.
You feel weakened.
You feel dopey.
You feel clumsy. The orc barely misses you.
It was a potion of mutation.
You feel extremely strange.
You feel frail.
You occasionally lose the ability to drink potions when taking damage.
You feel strong-willed.
You feel a hidden potential growing inside you.
The orc hits you with a +0 club.
You die...

############# #.####.#
#...........# #.####.#
#.#########.# #....#.#
#.#########.# ####.#.#
#...........# #......#
#.....####### ############.##.#(.
#)....# #..................
#.....# ####.####.##.##.##.#..
#..(..# #...o@....##.##.##.#..
#.....# #.##.......#.##.##.#..
#.....######..#.......#.##.##.#..
#.............#.......#.##.##.#..
###'########..#.......+.##.##.#..
#........#..#.......####.#.....
########.#..#....).......#.#..#
#.#..#.......######)...#
#<#..#.......#########.#


You could see an orc.

Vanquished Creatures
  2 adders (D:2)
  A worm (D:2)
  2 dart slugs
  2 ball pythons
  2 endoplasms
  A giant cockroach (D:1)
  5 goblins
  4 hobgoblins
  4 kobolds
  3 quokkas (D:2)
  6 bats
  3 frilled lizards
  4 rats
39 creatures vanquished.

Notes
Turn   | Place    | Note
-------+----------+-------------------------------------------
     0 | D:1      | croobank the Demonspawn Conjurer began the quest for the
                  | Orb.
     0 | D:1      | Reached XP level 1. HP: 13/13 MP: 3/3
   607 | D:1      | Found a faded altar of an unknown god.
   612 | D:1      | Prayed at the altar of an unknown god.
   612 | D:1      | Became a worshipper of Uskayaw the Reveller
   612 | D:1      | Reached * piety under Uskayaw
   727 | D:1      | Gained mutation: Spells you cast may paralyse adjacent
                  | enemies. [demonic ancestry]
   727 | D:1      | Reached XP level 2. HP: 19/19 MP: 5/5
   785 | D:1      | Learned a level 2 spell: Searing Ray
  1583 | D:2      | Reached ** piety under Uskayaw
  1589 | D:2      | Reached skill level 1 in Invocations
  1589 | D:2      | Gained mutation: Spells you cast may paralyse nearby
                  | enemies. [demonic ancestry]
  1589 | D:2      | Reached XP level 3. HP: 25/25 MP: 0/6
  1593 | D:2      | Learned a level 3 spell: Dazzling Flash
  1757 | D:2      | Reached *** piety under Uskayaw
  2082 | D:2      | Found a basalt altar of Yredelemnul.
  2497 | D:3      | HP: 1/25 [orc/+0 club (5)]
  2501 | D:2      | Gained mutation: You are frail. (-10% HP) [potion of
                  | mutation]
  2501 | D:2      | Gained mutation: You occasionally lose the ability to drink
                  | potions when taking damage. [potion of mutation]
  2501 | D:2      | Gained mutation: You are strong-willed. (Will+) [potion of
                  | mutation]
  2501 | D:2      | Gained mutation: You have hidden genetic potential. [potion
                  | of mutation]
  2501 | D:2      | Slain by an orc

Illustrated notes

Levels and vault maps discovered:
D:1:      minmay_arrival_widening_spiral_narrow, layout_basic,
          hellmonk_ecumenical_altar_leap_of_faith, chequers_serial_rivers_marsh,
          bh_walls_and_bars
D:2:      minmay_diamond_boxcup, layout_basic, basic_altar
D:3:      layout_loops_cross

Skill      XL: |  1  2 |
---------------+-------+-----
Dodging        | 2 |  2.3
Stealth        | 2 |  2.3
Invocations    | 1 |  1.6
Fighting       | |  0.9
Spellcasting   | |  2.3
Conjurations   | |  4.3

Action                   || total
-------------------------++-------
Melee: Dagger            ||    28
 Cast: Magic Dart        ||    30
       Searing Ray       ||    17
       Dazzling Flash    ||     2
  Use: Potion            ||     4
       Scroll            ||     1
 Stab: Sleeping          ||     4
       Paralysed         ||     4
Armor: Robe              ||    11
Dodge: Dodged            ||    24
